 Dungeon Crawl Stone Soup version 0.25.1-9-gc5326a611f (webtiles) character file.

Game seed: 9170287280289221681

25 alphawulf the Skirmisher (level 3, 33/33 HPs)
             Began as a Hill Orc Fighter on Dec 20, 2020.
             Quit the game on level 1 of the Dungeon on May 12, 2021.
             The game lasted 00:07:34 (704 turns).

alphawulf the Skirmisher (Hill Orc Fighter)          Turns: 704, Time: 00:07:34

Health: 33/33      AC: 11    Str: 19    XL:     3   Next: 6%
Magic:  3/3        EV:  3    Int:  8    God:
Gold:   10         SH:  9    Dex: 10    Spells: 2/2 levels left

rFire    . . .     SeeInvis .   a - +0 war axe
rCold    . . .     Gourm    .   c - +0 kite shield
rNeg     . . .     Faith    .   j - +0 plate armour
rPois    .         Spirit   .   (no helmet)
rElec    .         Reflect  .   (no cloak)
rCorr    .         Harm     .   (no gloves)
MR       .....                  (no boots)
Stlth    ..........             (no amulet)
HPRegen  0.11/turn              (no ring)
MPRegen  0.08/turn              (no ring)

@: no status effects
A: no striking features
a: no special abilities


You were on level 1 of the Dungeon.
You were not hungry.

You visited 1 branch of the dungeon, and saw 2 of its levels.

You collected 10 gold pieces.

Inventory:

Hand Weapons
 a - a +0 war axe (weapon)
 b - a +0 hunting sling
Missiles
 m - 7 stones (quivered)
Armour
 c - a +0 kite shield (worn)
 j - a +0 plate armour (worn)
Jewellery
 k - a cursed -4 ring of intelligence {unknown}
Scrolls
 h - 2 scrolls of identify {unknown}
 l - a scroll of enchant weapon {unknown}
Potions
 d - a potion of might
 e - a potion of degeneration {unknown}
 i - a potion of heal wounds {unknown}
 n - a potion of lignification {unknown}
Comestibles
 f - 2 rations


   Skills:
 * Level 4.2 Fighting
 * Level 3.0 Axes
 + Level 3.5 Armour
 + Level 3.7 Shields


You had 2 spell levels left.
You didn't know any spells.
Your spell library was empty.

Dungeon Overview and Level Annotations

Branches:
Dungeon (2/15)

Altars:


Message History

Done exploring.
b - a +0 hunting sling (weapon)
a - a +0 war axe (weapon)
(D) Dungeon
Where to? (Enter - D:1 @ (x,y), ? - help)
What level of the Dungeon? (default 1, ? - help)
There is a stone staircase leading down here.
You climb downwards.
A kobold and an ogre come into view.
The ogre shouts!
The kobold shouts!
Found 13 gold pieces and 20 sling bullets.
There is a stone staircase leading up here.
You climb upwards.
There is a stone staircase leading down here.
Unknown command.
Unknown command.
You see here a +0 dagger.
Welcome back, alphawulf the Hill Orc Fighter.
Press ? for a list of commands and other information.
Are you sure you want to abandon this character and quit the game? (Confirm with "yes".)

#...##........## #..#.....
#...##.........# ###..#....
#..###.........# #....#.... #..#
#.........# #...#..... ##.#
#........## #..#####..
#.###.....>..# #.......#.
#.....###...#####.#####..#
#.###.# #.....#...# ##..
#..##.###@###[...######...
##.##..##.# ##...##.....##
#.###....####.........##.
#........##.......#.##...
#....................#...
#................#...#..#
#...........#...##......#
#########........................
........#.........##.#.##........


There were no monsters in sight!

Vanquished Creatures
  5 leopard geckos (D:1)
  A giant cockroach (D:1)
  2 goblins (D:1)
  3 hobgoblins (D:1)
  4 kobolds (D:1)
  A frilled lizard (D:1)
  2 rats (D:1)
18 creatures vanquished.

Notes
Turn   | Place    | Note
-------+----------+-------------------------------------------
     0 | D:1      | alphawulf the Hill Orc Fighter began the quest for the Orb.
     0 | D:1      | Reached XP level 1. HP: 19/19 MP: 1/1
   194 | D:1      | Reached XP level 2. HP: 27/27 MP: 2/2
   218 | D:1      | Reached skill level 4 in Fighting
   444 | D:1      | Reached XP level 3. HP: 27/33 MP: 3/3
   685 | D:2      | Noticed an ogre
   704 | D:1      | Upgraded the game from 0.25.1-8-g42b30a86e7 to
                  | 0.25.1-9-gc5326a611f
   704 | D:1      | Quit the game

Illustrated notes

Levels and vault maps discovered:
D:1:      scummos_arrival_star, layout_rooms
D:2:      layout_basic, ashenzari_altar_1

Skill      XL: |  1  2 |
---------------+-------+-----
Fighting       | 4 |  4.2
Axes           | 3 |  3.0
Armour         | |  3.5
Shields        | |  3.7

Action                   || total
-------------------------++-------
Melee: War axe           ||    56
Armor: Scale mail        ||    27
       Plate armour      ||     7
Dodge: Dodged            ||    13
Block: Kite shield       ||    31
